 Dungeon Crawl Stone Soup version 0.26.1-2-gb8aa6d0cf2 (webtiles) character file.

Game seed: 11380378113127456135

5505 DearestLeader the Cleaver (level 10, -3/91 HPs)
             Began as a Minotaur Berserker on Mar 18, 2021.
             Was an Elder of Trog.
             Slain by a fire bat (7 damage)
             ... in a volcano on Mar 19, 2021.
             The game lasted 00:17:13 (7971 turns).

DearestLeader the Cleaver (Minotaur Berserker)      Turns: 7971, Time: 00:17:13

Health: -3/91      AC: 17    Str: 29    XL:     10   Next: 42%
Magic:  9/9        EV: 10    Int:  4    God:    Trog [****..]
Gold:   323        SH:  0    Dex:  9    Spells: 9/9 levels left

rFire    . . .     SeeInvis .   n - +0 whip (drain)
rCold    . . .     Faith    .   (no shield)
rNeg     . . .     Spirit   .   x - +0 chain mail
rPois    .         Reflect  .   (helmet restricted)
rElec    .         Harm     .   (no cloak)
rCorr    .         Rampage  .   h - +0 pair of gloves {Str+3}
Will     +....                  C - +0 pair of boots
Stlth    ..........             (no amulet)
HPRegen  0.25/turn              m - ring of willpower
MPRegen  0.11/turn              u - +4 ring of protection

@: no status effects
A: retaliatory headbutt, horns 2
a: Renounce Religion, Berserk, Trog's Hand, Brothers in Arms


You were in a volcano.
You worshipped Trog.
Trog was greatly pleased with you.
You visited 2 branches of the dungeon, and saw 9 of its levels.
You also visited: Volcano.

You collected 323 gold pieces.

Inventory:

Hand Weapons
 a - a +0 hand axe
 n - a +0 whip of draining (weapon)
Armour
 b - a +0 animal skin
 h - a +0 pair of gloves of strength (worn)
 s - a +0 ring mail
 x - a +0 chain mail (worn)
 C - a +0 pair of boots (worn)
 F - a +1 pair of gloves
Jewellery
 m - a ring of willpower (left hand)
 u - a +4 ring of protection (right hand)
 y - an uncursed ring of magical power {unknown}
 A - the ring "Meguac" {rPois rC+ rN+ Will- Str+5, unknown}
   (You found it on level 6 of the Dungeon)

   [ring of positive energy]

   It affects your strength (+5).
   It protects you from cold.
   It protects you from poison.
   It protects you from negative energy.
   It affects your willpower, your defense against some magical effects.
Wands
 d - a wand of disintegration (9)
 E - a wand of random effects (18)
 G - a wand of flame (24)
Scrolls
 c - a scroll of immolation
 e - 9 scrolls of remove curse
 f - 2 scrolls of teleportation
 g - a scroll of fog
 i - a scroll of blinking
 k - 3 scrolls of amnesia
 w - a scroll of fear {unknown}
 B - a scroll of random uselessness {unknown}
Potions
 j - 5 potions of curing
 l - 2 potions of attraction {unknown}
 o - a potion of flight {unknown}
 p - a potion of magic {unknown}
 q - a potion of haste {unknown}
 r - 2 potions of brilliance {unknown}
 z - 2 potions of degeneration {unknown}
 D - a potion of might {unknown}


   Skills:
 + Level 9.4 Fighting
 - Level 14.0 Axes
 + Level 8.5 Armour
 - Level 3.2 Dodging


You had 9 spell levels left.
You didn't know any spells.
Your spell library was empty.

Dungeon Overview and Level Annotations

Branches:
Dungeon (8/15)             Temple (0/1) D:7            Lair (1/6) D:8
Volcano (1/1)

Altars:
Ashenzari
Cheibriados
Elyvilon
Fedhas
Hepliaklqana
Kikubaaqudgha
Okawaru
Qazlal
Ru
Wu Jian
Zin
The Shining One

Shops:
D:5 (


Innate Abilities, Weirdness & Mutations

You reflexively headbutt those who attack you in melee.
You have a pair of horns on your head.


Message History

You are engulfed in flames!
* * * LOW HITPOINT WARNING * * *
The fire bat bites you.
* * * LOW HITPOINT WARNING * * *
You are engulfed in flames!
* * * LOW HITPOINT WARNING * * *
The lava snake closely misses you.
Blink to where?
Press: ? - help, Dir - move target
As you read the scroll of blinking, it crumbles to dust.
You hit the fire bat. You headbutt the fire bat.
The fire bat is moderately wounded.
The fire bat bites you but does no damage.
The fire bat completely misses you.
You miss the fire bat.
The fire bat is moderately wounded.
The fire bat bites you.
* * * LOW HITPOINT WARNING * * *
You are engulfed in flames!
You die...

##### #...#
##.#.###
##.###..###
#.##∩###@b##
##.....###b#
###....##.#
##∩####b#
.###...b##
≈.§.§§§S§b.##
≈≈§≈§≈≈§S...#
≈≈§§S§≈§≈≈...#
≈≈§§≈≈≈≈§§≈...#


You could see 2 fire bats.

Vanquished Creatures
  A two-headed ogre (D:8)
  2 death yaks (D:8)
  Psyche (D:8)
  Prince Ribbit (D:6)
  2 fire bats (Volcano)
  Duvessa (D:4)
  A hornet zombie (D:6)
  A phantom (D:8)
  2 ogres
  A black bear (Lair:1)
  A necrophage (D:7)
  3 ice beasts
  2 sky beasts
  2 centaurs
  A big kobold (D:7)
  8 bullfrogs
  Dowan (D:4)
  2 scorpions
  2 howler monkeys
  2 bullfrog zombies
  2 jellies (D:7)
  2 orc priests (D:4)
  A centaur zombie (D:7)
  A gnoll shaman (D:4)
  A hound (D:7)
  A centaur skeleton (D:6)
  3 orc wizards
  Jessica (D:3)
  An iguana (D:7)
  3 worker ants
  Ijyb (D:3)
  6 gnolls
  A howler monkey skeleton (D:4)
  9 adders
  A shadow imp (D:7)
  4 white imps
  An ooze (D:1)
  An adder skeleton (D:8)
  An adder zombie (D:8)
  2 worms (D:4)
  2 dart slugs (D:1)
  2 leopard geckos
  6 orcs
  8 giant cockroaches
  5 goblins
  6 hobgoblins
  17 jackals
  3 quokkas
  8 bats
  2 frilled lizards
  7 kobolds
  2 leopard gecko skeletons
  4 rats
152 creatures vanquished.

Notes
Turn   | Place    | Note
-------+----------+-------------------------------------------
     0 | D:1      | DearestLeader the Minotaur Berserker began the quest for
                  | the Orb.
     0 | D:1      | Reached XP level 1. HP: 19/19 MP: 0/0
    29 | D:1      | Reached XP level 2. HP: 16/27 MP: 1/1
   151 | D:1      | Reached skill level 4 in Axes
   488 | D:1      | Reached XP level 3. HP: 34/34 MP: 2/2
   889 | D:2      | Reached ** piety under Trog
  1010 | D:2      | Reached XP level 4. HP: 37/41 MP: 3/3
  1210 | D:2      | Reached skill level 5 in Fighting
  1350 | D:2      | Found a snail-covered altar of Cheibriados.
  1351 | D:2      | Found a blossoming altar of Fedhas.
  1353 | D:2      | Found an iron altar of Okawaru.
  1354 | D:2      | Found a sacrificial altar of Ru.
  1659 | D:3      | Found an ornate altar of the Wu Jian Council.
  1664 | D:3      | Found a transporter.
  1665 | D:3      | Noticed a bullfrog
  1723 | D:3      | Noticed Jessica
  1735 | D:3      | Killed Jessica
  1736 | D:3      | Reached skill level 5 in Axes
  1782 | D:3      | Found a broken altar of Ashenzari.
  1928 | D:3      | Reached XP level 5. HP: 30/48 MP: 4/4
  2097 | D:3      | Found a transporter.
  2428 | D:3      | Reached skill level 6 in Axes
  2486 | D:4      | Noticed Ijyb
  2505 | D:3      | Killed Ijyb
  2708 | D:4      | Reached skill level 7 in Axes
  2708 | D:4      | Reached XP level 6. HP: 56/56 MP: 5/5
  3096 | D:4      | Reached skill level 8 in Axes
  3413 | D:4      | Reached *** piety under Trog
  3588 | D:4      | Noticed Duvessa
  3588 | D:4      | Noticed Dowan
  3593 | D:4      | Killed Duvessa
  3594 | D:4      | Reached skill level 9 in Axes
  3594 | D:4      | Reached XP level 7. HP: 61/61 MP: 6/6
  3594 | D:4      | Killed Dowan
  3832 | D:5      | Entered Level 5 of the Dungeon
  4249 | D:5      | Found Fonak's Weapon Shoppe.
  4578 | D:5      | Reached skill level 10 in Axes
  4945 | D:6      | Noticed Prince Ribbit
  4958 | D:6      | Killed Prince Ribbit
  4959 | D:6      | Reached XP level 8. HP: 41/68 MP: 7/7
  5106 | D:6      | Reached skill level 11 in Axes
  5212 | D:6      | Found an ancient bone altar of Kikubaaqudgha.
  5409 | D:6      | Reached skill level 12 in Axes
  5669 | D:6      | Found a glowing silver altar of Zin.
  5669 | D:6      | Found a glowing golden altar of the Shining One.
  5669 | D:6      | Found a white marble altar of Elyvilon.
  5761 | D:6      | Got a smoking ivory ring
  6155 | D:7      | Reached **** piety under Trog
  6267 | D:7      | Reached XP level 9. HP: 39/75 MP: 8/8
  6525 | D:7      | Reached skill level 13 in Axes
  6728 | D:7      | Found a stormy altar of Qazlal.
  6776 | D:7      | Reached skill level 5 in Armour
  6857 | D:7      | Found a staircase to the Ecumenical Temple.
  6983 | D:7      | Found a hazy altar of Hepliaklqana.
  7204 | D:8      | Noticed Psyche
  7221 | D:8      | Killed Psyche
  7356 | D:8      | Found a broken altar of Ashenzari.
  7415 | D:8      | Noticed a two-headed ogre
  7423 | D:8      | Killed a two-headed ogre
  7424 | D:8      | Reached skill level 14 in Axes
  7504 | D:8      | Reached XP level 10. HP: 88/88 MP: 9/9
  7658 | D:8      | Noticed a death yak
  7658 | D:8      | Noticed a death yak
  7675 | D:8      | Killed a death yak
  7680 | D:8      | Noticed a death yak
  7680 | D:8      | Noticed a death yak
  7682 | D:8      | Noticed a death yak
  7685 | D:8      | Killed a death yak
  7686 | D:8      | Noticed a death yak
  7701 | D:8      | Found a staircase to the Lair.
  7708 | Lair:1   | Entered Level 1 of the Lair of Beasts
  7806 | Lair:1   | Found a dark tunnel.
  7811 | Volcano  | Entered a volcano
  7971 | Volcano  | HP: 4/91 [fire bat (4)]
  7971 | Volcano  | Slain by a fire bat

Illustrated notes

Levels and vault maps discovered:
D:1:      dpeg_arrival_tiny_b, layout_rooms, nrook_mini_backslash
D:2:      layout_loops_ring, minitemple, kennysheep_generic_room_15
D:3:      layout_rooms, nicolae_overflow_crystal_walls,
          gammafunk_temple_overflow_arena, uniq_jessica
D:4:      layout_loops_ring, uniq_duvessa, uniq_ijyb
D:5:      layout_cave_pods, serial_shops, shop
D:6:      layout_rooms, good_gods_mini_temple, kiku_gazebo_pond_becter,
          uniq_prince_ribbit1
D:7:      layout_loops_ring, old_standard_altar, nzn_hepliaklqana_mist_gate,
          minmay_temple_entry_gardened_gates
D:8:      layout_basic, dpeg_lair_monsters, kennysheep_doodads,
          skrybe_limestone_x, evilmike_ruin_ashenzari, uniq_psyche
Lair:1:   minmay_lair_venomous_thicket, layout_long_grid,
          nicolae_volcano_entry_s_turn
Volcano:  volcano_grotto [vgs_original]

Skill      XL: |  1  2  3  4  5  6  7  8  9 10 |
---------------+-------------------------------+-----
Fighting       | 4 5 7 9 |  9.4
Axes           | 4 5 7 9 10 12 14 | 14.0
Armour         | 3 4 6 8 |  8.5
Dodging        | 3 |  3.2

Action                   |  1- 3 |  4- 6 |  7- 9 | 10-12 || total
-------------------------+-------+-------+-------+-------++-------
Melee: Hand axe          |    66 |    12 |       |       ||    78
       Headbutt          |     7 |    16 |    63 |    11 ||    97
       Whip              |       |    85 |   324 |    43 ||   452
Invok: Berserk           |       |     5 |     2 |     1 ||     8
       Trog's Hand       |       |       |     1 |       ||     1
  Use: Scroll            |       |     4 |       |     7 ||    11
       Potion            |       |       |       |     2 ||     2
 Stab: Sleeping          |     1 |       |       |       ||     1
Armor: Animal skin       |    19 |    11 |       |       ||    30
       Ring mail         |       |     1 |    22 |       ||    23
       Chain mail        |       |       |   127 |    36 ||   163
Dodge: Dodged            |    56 |    58 |   131 |    24 ||   269
